 Dungeon Crawl Stone Soup version 0.29.0-4-gdea44cf6ec (webtiles) character file.

Game seed: 5543045797564301163

43 Flugkiller the Trooper (level 3, -7/33 HPs)
             Began as a Minotaur Fighter on Aug 27, 2022.
             Mangled by Sigmund
             ... wielding a +0 scythe
              (9 damage)
             ... on level 2 of the Dungeon.
             The game lasted 00:00:32 (1116 turns).

Flugkiller the Trooper (Minotaur Fighter)           Turns: 1116, Time: 00:00:33

Health: -7/33      AC:  8    Str: 20    XL:     3   Next: 37%
Magic:  2/2        EV:  9    Int:  5    God:
Gold:   80         SH:  4    Dex: 11    Spells: 2/2 levels left

rFire   . . .      SeeInvis .   a - +0 war axe
rCold   . . .      Faith    .   c - +0 buckler
rNeg    . . .      Spirit   .   b - +0 scale mail
rPois   .          Reflect  .   (helmet restricted)
rElec   .          Harm     .   (no cloak)
rCorr   .          Rampage  .   j - +0 pair of gloves
Will    .....                   (no boots)
Stlth   ..........              (no amulet)
HPRegen 0.11/turn               (no ring)
MPRegen 0.08/turn               (no ring)

@: mighty
A: horns 2, retaliatory headbutt
a: no special abilities


You were on level 2 of the Dungeon.
You visited 1 branch of the dungeon, and saw 2 of its levels.

You collected 80 gold pieces.

Inventory:

Hand Weapons
 a - a +0 war axe (weapon)
Armour
 b - a +0 scale mail (worn)
 c - a +0 buckler (worn)
 j - a +0 pair of gloves (worn)
   (You found it on level 1 of the Dungeon)
Scrolls
 f - a scroll of noise {unknown}
 g - 2 scrolls of teleportation {unknown}
 h - a scroll of enchant weapon {unknown}
Potions
 e - 2 potions of mutation {unknown}
 i - a potion of ambrosia {unknown}


   Skills:
 + Level 4.1 Fighting
 * Level 3.7 Axes
 + Level 4.1 Armour
 - Level 3.6 Shields


You had 2 spell levels left.
You didn't know any spells.
Your spell library was empty.

Dungeon Overview and Level Annotations

Branches:
Dungeon (2/15)

Altars:

Annotations:
D:2 Sigmund


Innate Abilities, Weirdness & Mutations

You have a pair of horns on your head.
You reflexively headbutt those who attack you in melee.


Message History

A dart slug comes into view.
A dart slug is nearby!
The dart slug bites you but does no damage.
A dart slug is nearby!
You hit the dart slug but do no damage. You headbutt the dart slug.
The dart slug is heavily wounded.
The dart slug launches a dart at you. The slug dart misses you.
You slash the dart slug!
You kill the dart slug!
No target in view!
You see here a dart slug corpse.
Found Ozocubu's Autobiography.
No target in view!
Found a stone staircase leading down.
There is a stone staircase leading down here.
Found 8 stones.
An adder comes into view.
The adder hisses angrily.
The adder bites you but does no damage.
You miss the adder. The adder bites you but does no damage.
You barely miss the adder. You block the adder's attack.
The adder bites you but does no damage.
You slash the adder!
The adder is severely wounded.
You block the adder's attack. The adder barely misses you.
An adder is nearby!
You miss the adder. You headbutt the adder.
The adder is severely wounded.
The adder barely misses you. The adder closely misses you.
An adder is nearby!
You hit the adder. Your headbutt misses the adder.
The adder is almost dead.
The adder bites you but does no damage.
You barely miss the adder.
The adder is severely wounded.
The adder barely misses you. x2
You closely miss the adder.
The adder is severely wounded.
The adder bites you but does no damage. You block the adder's attack.
An adder is nearby!
You closely miss the adder. Your headbutt misses the adder.
The adder is severely wounded.
The adder bites you.
You are poisoned.
The adder poisons you! The adder bites you but does no damage.
An adder is nearby!
You barely miss the adder. Your headbutt misses the adder.
The adder is severely wounded.
You feel sick. The adder barely misses you. You furiously retaliate!
You headbutt the adder!
You kill the adder!
You feel sick.
You feel sick.
You feel sick.
You feel sick.
You feel sick.
You are no longer poisoned.
HP restored.
You see here an adder corpse.
Sigmund the Dreaded comes into view.
He is wielding a +0 scythe.
Sigmund shouts!
Sigmund gestures at you while chanting.
You are confused.
You are too confused!
Sigmund is nearby!
Sigmund is nearby!
Sigmund is nearby!
You are too confused!
You are too confused!
You are too confused!
You are too confused!
You bump into the rock wall.
You bump into the rock wall.
You bump into the rock wall.
Sigmund casts a spell at you.
You are more confused.
You bump into the rock wall.
Sigmund gestures wildly while chanting.
Sigmund flickers and vanishes!
Deactivating autopickup; reactivate with Ctrl-A.
You bump into the rock wall.
You feel very mighty all of a sudden. Something hits you!
You bump into the rock wall.
You bump into the rock wall.
Something hits you. Something hits you but does no damage.
You bump into the rock wall.
You feel less confused.
You barely miss something. Something hits you.
You miss something. Your headbutt misses something. Something hits you!
You barely miss something. Your headbutt misses something. Something hits you.
* * * LOW HITPOINT WARNING * * *
You slash something! Something hits you.
* * * LOW HITPOINT WARNING * * *
You closely miss something. Something hits you but does no damage.
You barely miss something. Something hits you.
* * * LOW HITPOINT WARNING * * *
You miss something. Your headbutt misses something. Something hits you!
You die...

#### ...# ####
########### ..#
######..@.......
..#
#......#########
..# #......# ..#
#......#
..#######..#...#
....#......#...#
....###....#...#
....###.#......#
...............#


There were no monsters in sight!

Vanquished Creatures
  An adder (D:2)
  A dart slug (D:2)
  2 ball pythons (D:1)
  An endoplasm (D:2)
  2 giant cockroaches (D:1)
  4 goblins (D:1)
  4 hobgoblins (D:1)
  4 jackals (D:1)
  3 bats
  A kobold (D:1)
  5 rats (D:1)
28 creatures vanquished.

Notes
Turn   | Place    | Note
-------+----------+-------------------------------------------
     0 | D:1      | Flugkiller the Minotaur Fighter began the quest for the
                  | Orb.
     0 | D:1      | Reached XP level 1. HP: 19/19 MP: 0/0
   222 | D:1      | Reached XP level 2. HP: 27/27 MP: 1/1
   322 | D:1      | Found a faded altar of an unknown god.
   874 | D:2      | Reached XP level 3. HP: 33/33 MP: 2/2
  1097 | D:2      | Noticed Sigmund
  1116 | D:2      | Mangled by Sigmund

Illustrated notes

Levels and vault maps discovered:
D:1:      wander_arrival_estate, layout_loops_corners,
          ebering_ecumenical_altar_rust, minivault_23, minmay_misc_feat_chi,
          minmay_ruptured
D:2:      layout_basic, uniq_sigmund

Skill      XL: |  1  2 |
---------------+-------+-----
Axes           | 3 |  3.7
Fighting       | 4 |  4.1
Armour         | 4 |  4.1
Shields        | |  3.6

Action                   || total
-------------------------++-------
Melee: War axe           ||    59
       Headbutt          ||     7
  Use: Potion            ||     1
Armor: Scale mail        ||    26
Dodge: Dodged            ||    29
Block: Buckler           ||    13
